 Dungeon Crawl Stone Soup version 0.25.1-2-g60ff931df9 (webtiles) character file.

Game seed: 2223651052848405421

129 KyoPewz the Skirmisher (level 5, -7/59 HPs)
             Began as an Ogre Berserker on Oct 5, 2020.
             Was a Believer of Trog.
             Mangled by a killer bee (9 damage)
             ... on level 3 of the Dungeon.
             The game lasted 00:02:21 (2499 turns).

KyoPewz the Skirmisher (Ogre Berserker)             Turns: 2499, Time: 00:02:22

Health: -7/59      AC:  3    Str: 22    XL:     5   Next: 12%
Magic:  5/5        EV: 10    Int:  8    God:    Trog [**....]
Gold:   183        SH:  0    Dex:  8    Spells: 4/4 levels left

rFire    . . .     SeeInvis .   a - +0 mace
rCold    . . .     Gourm    .   (no shield)
rNeg     . . .     Faith    .   b - +0 animal skin
rPois    .         Spirit   .   (helmet restricted)
rElec    .         Reflect  .   (no cloak)
rCorr    .         Harm     .   (gloves unavailable)
MR       ++...                  (boots unavailable)
Stlth    +.........             (no amulet)
HPRegen  1.19/turn              (no ring)
MPRegen  0.09/turn              (no ring)

@: lethally poisoned (-7 -> -10), berserk cooldown, starving, regenerating,
slowed, very slow
A: large, unfitting armour, tough skin 1
a: Berserk, Trog's Hand, Renounce Religion


You were on level 3 of the Dungeon.
You worshipped Trog.
Trog was pleased with you.
You were starving.

You visited 1 branch of the dungeon, and saw 3 of its levels.

You collected 183 gold pieces.

Inventory:

Hand Weapons
 a - a +0 mace (weapon)
Armour
 b - a +0 animal skin (worn)
Scrolls
 d - 3 scrolls of enchant weapon {unknown}
 f - 3 scrolls of identify {unknown}
 g - a scroll of magic mapping {unknown}
Potions
 h - a potion of curing {unknown}
 i - a potion of lignification {unknown}
Comestibles
 e - 2 rations {!d}


   Skills:
 + Level 6.0 Fighting
 + Level 4.1 Maces & Flails
 - Level 2.6 Dodging


You had 4 spell levels left.
You didn't know any spells.
Your spell library was empty.

Dungeon Overview and Level Annotations

Branches:
Dungeon (3/15)

Altars:
Fedhas


Innate Abilities, Weirdness & Mutations

You are too large for most types of armour.
You have tough skin. (AC +1)


Message History

You miss the killer bee.
* * * LOW HITPOINT WARNING * * *
You feel sick. The killer bee stings you.
* * * LOW HITPOINT WARNING * * *
You are more poisoned.
The killer bee poisons you!
Unknown command.
You closely miss the killer bee.
* * * LOW HITPOINT WARNING * * *
You feel sick. The killer bee closely misses you.
The killer bee stings you but does no damage.
You closely miss the killer bee.
* * * LOW HITPOINT WARNING * * *
You feel sick. The killer bee stings you!
* * * LOW HITPOINT WARNING * * *
You thump the killer bee!
You kill the killer bee!
Trog accepts your kill.
Your Fighting skill increases to level 6!
Your Maces & Flails skill increases to level 4!
You have reached level 5!
* * * LOW HITPOINT WARNING * * *
You feel sick. The killer bee misses you.
You miss the killer bee.
* * * LOW HITPOINT WARNING * * *
You feel sick. The killer bee closely misses you.
Unknown command.
You miss the killer bee.
* * * LOW HITPOINT WARNING * * *
You feel sick. The killer bee completely misses you.
The killer bee barely misses you.
Unknown command.
You thump the killer bee!
You are no longer berserk.
You are exhausted.
You feel yourself slow down.
* * * LOW HITPOINT WARNING * * *
You feel sick.
The killer bee stings you but does no damage.
The killer bee closely misses you.
Okay, then.
Your skin crawls.
You feel resistant to hostile enchantments.
You are starving!
* * * LOW HITPOINT WARNING * * *
You feel very sick. The killer bee stings you.
* * * LOW HITPOINT WARNING * * *
The killer bee barely misses you. The killer bee stings you!
You die...

## ..# ##### .... ....#
.....#.#.# ♣♣♣ P....#.#.#
#.# P.P..y.#@# ##'##
♣......#y# ##...##
♣..y.y#####.....##
PPP....#...#...>....## #
........##...........####
P..........♣♣♣.......'...
P.#.....##♣♣ ♣♣......###.
. #.##.. ..........#. #.
### .P.♣...###...


You could see 2 killer bees.

Vanquished Creatures
  A killer bee (D:3)
  4 adders (D:2)
  A worm (D:2)
  A dart slug (D:1)
  An orc (D:3)
  A ball python (D:2)
  4 bats
  8 hobgoblins
  7 jackals
  3 kobolds
  2 frilled lizards (D:1)
  2 goblins (D:1)
  5 rats
40 creatures vanquished.

Notes
Turn   | Place    | Note
-------+----------+-------------------------------------------
     0 | D:1      | KyoPewz the Ogre Berserker began the quest for the Orb.
     0 | D:1      | Reached XP level 1. HP: 24/24 MP: 1/1
   169 | D:1      | Reached XP level 2. HP: 24/33 MP: 2/2
  1245 | D:2      | Reached XP level 3. HP: 36/41 MP: 3/3
  1495 | D:2      | Reached skill level 5 in Fighting
  1817 | D:2      | Found a blossoming altar of Fedhas.
  1913 | D:2      | Reached XP level 4. HP: 43/50 MP: 4/4
  1917 | D:2      | Reached ** piety under Trog
  2495 | D:3      | Reached skill level 6 in Fighting
  2495 | D:3      | Reached XP level 5. HP: 14/59 MP: 5/5
  2499 | D:3      | HP: 2/59 [killer bee (1)]
  2499 | D:3      | Mangled by a killer bee

Illustrated notes

Levels and vault maps discovered:
D:1:      moated_graveyard_arrival, layout_basic, minmay_distorted
D:2:      layout_rooms, fedhas_altar_2
D:3:      gammafunk_steamed_eel, layout_loops_corners, serial_forest,
          infiniplex_forest_side_room, infiniplex_forest_straight_4,
          infiniplex_forest_clump_diagonal, infiniplex_forest_clump_cross,
          infiniplex_forest_lined_4_way, infiniplex_forest_zigzag_2,
          infiniplex_forest_pool, nrook_mini_vaults,
          kennysheep_decorative_pillar, cheibrodos_ashenzari_chains, uniq_ijyb

Skill      XL: |  1  2  3  4 |
---------------+-------------+-----
Maces & Flails | 3 4 |  4.1
Fighting       | 5 6 |  6.0
Dodging        | |  2.6

Action                   |  1- 3 |  4- 6 || total
-------------------------+-------+-------++-------
Melee: Mace              |   113 |    35 ||   148
Invok: Berserk           |       |     1 ||     1
       Trog's Hand       |       |     1 ||     1
  Eat: Chunk             |     3 |     1 ||     4
Armor: Animal skin       |    35 |     8 ||    43
Dodge: Dodged            |    60 |    21 ||    81
